 Dungeon Sprint DCSS version 0.19.1 (webtiles) character file.

329 equalderp2856 the Gouger (level 6, -14/31 HPs)
             Began as a Felid Fighter on Dec 3, 2016.
             Was a Follower of Lugonu.
             Demolished by a spiny frog (24 damage)
             ... in the Dungeon (Sprint IX: "|||||||||||||||||||||||||||||").
             The game lasted 00:01:55 (534 turns).

equalderp2856 the Gouger (Felid Fighter)             Turns: 534, Time: 00:01:56

Health: -14/31     AC:  2    Str: 13    XL:     6   Next: 25%
Magic:  7/7        EV: 25    Int: 15    God:    Lugonu [*.....]
Gold:   0          SH:  0    Dex: 17    Spells: 0 memorised, 5 levels left
                                        Lives:  0   Deaths: 1

rFire  . . .     SeeInvis +       - Unarmed
rCold  . . .     Gourm    .     (armour unavailable)
rNeg   . . .     Faith    .     (shield unavailable)
rPois  .         Spirit   .     (helmet unavailable)
rElec  .         Reflect  .     (cloak unavailable)
rCorr  .         Harm     .     (gloves unavailable)
MR     .....     NoTele   +     (boots unavailable)
Stlth  ++........               (no amulet)
                                n - +3 ring of intelligence
                                m - +3 ring of intelligence

@: quick
A: no armour, no weapons or thrown items, stealth, claws 1, fangs 3, see
invisible, carnivore 3, speed 1, shaggy fur 2, slow metabolism 1, sharp paws
a: Renounce Religion


You were in the Dungeon.
You worshipped Lugonu.
Lugonu was aware of your devotion.
You were not hungry.

You visited 1 branch

Inventory:

Jewellery
 m - a +3 ring of intelligence (left paw)
 n - a +3 ring of intelligence (right paw)
Wands
 l - a wand of acid (7/15)
Scrolls
 h - 3 scrolls of blinking
 j - 4 scrolls of remove curse
 k - 2 scrolls of amnesia
 q - a scroll of identify
 r - a scroll of fog
Potions
 a - 2 potions of might
 c - a potion of invisibility
 d - 6 potions of heal wounds
 e - a potion of haste
 f - 4 potions of magic
 g - a potion of berserk rage
 i - 4 potions of curing
 o - a potion of brilliance
Miscellaneous
 p - a phantom mirror
Comestibles
 b - a meat ration


   Skills:
 + Level 6.9 Fighting
 + Level 9.1 Dodging
 + Level 1.1 Stealth
 + Level 11.7 Unarmed Combat


You had 5 spell levels left.
You didn't know any spells.

Dungeon Overview and Level Annotations

Branches:
Dungeon (1/1)

Altars:
Cheibriados
Dithmenos
Elyvilon
Fedhas
Gozag
Hepliaklqana
Kikubaaqudgha
Makhleb
Nemelex Xobeh
Okawaru
Qazlal
Ru
Sif Muna
Trog
Uskayaw
Vehumet
Xom
Yredelemnul
Zin
The Shining One
Beogh
Jiyva
Lugonu


Innate Abilities, Weirdness & Mutations

You cannot wear armour.
You are incapable of wielding weapons or throwing items.
Your paws allow you to move quietly. (Stealth)
You have sharp claws.
You have razor-sharp teeth.
You have supernaturally acute eyesight. (SInv)
You are carnivorous and can eat meat at any time.
You cover ground quickly.
You are covered in thick fur. (AC +2)
You have a slow metabolism.
Your sharp claws are effective at attacking unaware monsters.


Message History

The spiny frog misses you.
You claw the spiny frog! Your claw misses the spiny frog.
The spiny frog is heavily wounded.
The spiny frog stings you!
You are lethally poisoned!
The spiny frog poisons you!
You barely miss the spiny frog.
The spiny frog is heavily wounded.
You feel sick. The spiny frog barely misses you.
A crocodile comes into view.
You claw the spiny frog!
The spiny frog is heavily wounded.
You feel sick. The spiny frog misses you.
You feel better. The spiny frog stings you!
Ouch! That really hurt!
You scratch the spiny frog. Your bite misses the spiny frog.
The spiny frog is severely wounded.
The spiny frog stings you!!
Ouch! That really hurt!
You die...

▓▓▓▓▓▓▓▓▓▓▓▓▓▓▓▓▓▓▓▓▓▓▓▓
..+.....%.[...?.@FrFlrSt
▓▓▓▓▓▓▓▓▓▓▓▓▓▓▓▓▓▓▓▓▓▓▓▓▓▓▓▓▓▓▓▓▓
.................................
▓▓▓▓▓▓▓▓▓▓▓▓▓▓▓▓▓▓▓▓▓▓▓▓▓▓▓▓▓▓▓▓▓
.....')....'_____________________
▓▓▓▓▓▓▓▓▓▓▓▓▓▓▓▓▓▓▓▓▓▓▓▓▓▓▓▓▓▓▓▓▓


You could see a komodo dragon, a spiny frog, a water moccasin, a crocodile, a
bullfrog and 2 porcupines.

Vanquished Creatures
  A wraith (D)
  A water moccasin (D)
  A sky beast (D)
  A crimson imp (D)
  A hound (D)
  An orc (D)
  A bat skeleton (D)
  2 hobgoblins (D)
  A frilled lizard (D)
  2 kobolds (D)
12 creatures vanquished.

Notes
Turn   | Place    | Note
-------+----------+-------------------------------------------
     0 | D        | equalderp2856 the Felid Fighter began the quest for the Orb.
     0 | D        | Reached XP level 1. HP: 10/10 MP: 2/2
   107 | D        | Noticed a crimson imp
   107 | D        | Noticed a hound
   107 | D        | Noticed a sky beast
   115 | D        | Killed a crimson imp
   115 | D        | Reached skill level 5 in Dodging
   115 | D        | Reached skill level 6 in Unarmed Combat
   115 | D        | Reached XP level 2. HP: 15/15 MP: 3/3
   115 | D        | Reached XP level 3. HP: 18/18 MP: 4/4
   128 | D        | Reached skill level 7 in Unarmed Combat
   128 | D        | Reached XP level 4. HP: 18/22 MP: 5/5
   190 | D        | Killed a sky beast
   190 | D        | Reached skill level 5 in Fighting
   190 | D        | Reached skill level 9 in Unarmed Combat
   190 | D        | Reached XP level 5. HP: 16/26 MP: 6/6
   314 | D        | Found a roughly hewn altar of Beogh.
   314 | D        | Found a snail-covered altar of Cheibriados.
   314 | D        | Found a shadowy altar of Dithmenos.
   314 | D        | Found a white marble altar of Elyvilon.
   314 | D        | Found a blossoming altar of Fedhas.
   314 | D        | Found an opulent altar of Gozag.
   315 | D        | Found a hazy altar of Hepliaklqana.
   316 | D        | Found a viscous altar of Jiyva.
   317 | D        | Found an ancient bone altar of Kikubaaqudgha.
   318 | D        | Found a corrupted altar of Lugonu.
   319 | D        | Found a burning altar of Makhleb.
   320 | D        | Found a sparkling altar of Nemelex Xobeh.
   321 | D        | Found an iron altar of Okawaru.
   322 | D        | Found a stormy altar of Qazlal.
   323 | D        | Found a sacrificial altar of Ru.
   324 | D        | Found a deep blue altar of Sif Muna.
   325 | D        | Found a bloodstained altar of Trog.
   326 | D        | Found a hide-covered altar of Uskayaw.
   327 | D        | Found a radiant altar of Vehumet.
   328 | D        | Found a shimmering altar of Xom.
   329 | D        | Found a basalt altar of Yredelemnul.
   330 | D        | Found a glowing silver altar of Zin.
   331 | D        | Found a glowing golden altar of the Shining One.
   346 | D        | Became a worshipper of Lugonu the Unformed
   346 | D        | Reached * piety under Lugonu
   379 | D        | Noticed a centaur
   379 | D        | Noticed a vampire
   379 | D        | Noticed a hill giant
   379 | D        | Shot with an arrow by a centaur
   380 | D        | Reached XP level 4. HP: -10/23 MP: 5/5
   399 | D        | Noticed a troll
   399 | D        | Noticed a slime creature
   399 | D        | Noticed a cyclops
   399 | D        | Noticed a wraith
   409 | D        | Killed a wraith
   409 | D        | Reached skill level 10 in Unarmed Combat
   409 | D        | Reached XP level 5. HP: 23/28 MP: 6/6
   526 | D        | Noticed a water moccasin
   526 | D        | Noticed a spiny frog
   526 | D        | Noticed a porcupine
   526 | D        | Noticed a komodo dragon
   526 | D        | Noticed a porcupine
   527 | D        | Noticed a water moccasin
   528 | D        | Killed a water moccasin
   528 | D        | Reached skill level 1 in Stealth
   528 | D        | Reached skill level 11 in Unarmed Combat
   528 | D        | Gained mutation: You are covered in thick fur. (AC +2) [Felid growth]
   528 | D        | Reached XP level 6. HP: 31/31 MP: 7/7
   534 | D        | Demolished by a spiny frog

Skill      XL: |  1  2  3  4  5 |
---------------+----------------+-----
Fighting       | 4 6 |  6.9
Dodging        | 5 6 8 9 |  9.1
Unarmed Combat | 6 7 10 11 | 11.7
Stealth        | 1 |  1.1

Action                   |  1- 3 |  4- 6 || total
-------------------------+-------+-------++-------
Melee: Unarmed           |    36 |    25 ||    61
       Bite              |     4 |     3 ||     7
       Punch             |     2 |     1 ||     3
  Use: Potion            |     1 |     2 ||     3
 Stab: Sleeping          |       |     1 ||     1
Armor: Skin              |       |     1 ||     1
Dodge: Dodged            |    21 |    19 ||    40
